 Dungeon Crawl Stone Soup version 0.28-a0-851-g8b9cc49659 (webtiles) character file.

Game seed: 7584868245223912117

10 croobank the Sneak (level 2, 0/24 HPs)
             Began as a Human Delver on Nov 14, 2021.
             Slain by a kobold (2 damage)
             ... on level 2 of the Dungeon.
             The game lasted 00:02:34 (310 turns).

croobank the Sneak (Human Delver)                    Turns: 310, Time: 00:02:35

Health: 0/24       AC:  3    Str: 12    XL:     2   Next: 30%
Magic:  2/2        EV: 12    Int: 10    God:
Gold:   30         SH:  0    Dex: 14    Spells: 1/1 levels left

rFire   . . .      SeeInvis .   a - +0 hand axe
rCold   . . .      Faith    .   (no shield)
rNeg    . . .      Spirit   .   b - +0 leather armour
rPois   +          Reflect  .   (helmet restricted)
rElec   .          Harm     .   (no cloak)
rCorr   .          Rampage  .   (no gloves)
Will    .....                   (no boots)
Stlth   +++.......              (no amulet)
HPRegen 0.08/turn               (no ring)
MPRegen 0.08/turn               (no ring)

@: attractive, hasted, very quick
A: beak, poison resistance, wild magic 1
a: no special abilities


You were on level 2 of the Dungeon.
You visited 1 branch of the dungeon, and saw 4 of its levels.

You collected 30 gold pieces.

Inventory:

Hand Weapons
 a - a +0 hand axe (weapon)
Missiles
 i - 30 stones (quivered)
Armour
 b - a +0 leather armour (worn)
Wands
 g - a wand of digging (2)
Scrolls
 c - a scroll of fog
 d - a scroll of magic mapping


   Skills:
 + Level 3.2 Fighting
 + Level 2.1 Axes
 + Level 2.0 Dodging
 + Level 5.2 Stealth


You had one spell level left.
You didn't know any spells.
Your spell library was empty.

Dungeon Overview and Level Annotations

Branches:
Dungeon (5/15)
 Temple: D:4-7

Altars:


Innate Abilities, Weirdness & Mutations

You have a beak for a mouth.
Your system is resistant to poisons. (rPois)
Your spells are a little harder to cast, but a little more powerful.


Message History

You hit the worm.
The worm is almost dead.
The worm completely misses you.
You hit the worm.
The worm is almost dead.
The dart slug launches a dart at you. The slug dart misses you.
You hit the worm.
You kill the worm!
The bat completely misses you.
It was a potion of mutation.
You feel extremely strange.
You feel less in control of your magic.
You feel resistant to poisons.
Your mouth lengthens and hardens into a beak!
The bat barely misses you.
It was a potion of attraction.
You feel attractive to monsters. The dart slug closely misses you.
The bat hits you but does no damage.
You feel yourself speed up. The bat hits you but does no damage.
The dart slug launches a dart at you. The slug dart hits you.
* * * LOW HITPOINT WARNING * * *
The bat is attracted toward you.
A kobold comes into view. It is wielding a +0 short sword.
The kobold is attracted toward you.
The kobold shouts!
You hit the kobold.
The kobold is moderately wounded.
You barely miss the bat. You hit the dart slug.
The bat hits you but does no damage. The kobold barely misses you.
The dart slug bites you.
* * * LOW HITPOINT WARNING * * *
The bat is attracted toward you.
Okay, then.
You aren't carrying any potions.
Aiming: Dig
Press: ? - help, Shift-Dir - straight line A rock wall.
The rock shatters into small pieces.
The bat closely misses you.
The kobold hits you with a +0 short sword.
You die...

#.#.#...#
........ #.#....
#.#...# #§#...#
#.#.§.# #K#b..#
#.@..§# ..
##.##.#w###....
..............w
###.###.###.#..
#... #.#
#.##.##.#######
................
.#####.#.#######
#.#.#


You could see a dart slug, a bat and a kobold.

Vanquished Creatures
  A worm (D:2)
  An orc (D:3)
  A ball python (D:3)
  A hobgoblin (D:3)
  A quokka (D:3)
  A bat (D:3)
6 creatures vanquished.

Notes
Turn   | Place    | Note
-------+----------+-------------------------------------------
     0 | D:5      | croobank the Human Delver began the quest for the Orb.
     0 | D:5      | Reached XP level 1. HP: 18/18 MP: 1/1
   173 | D:3      | Reached XP level 2. HP: 15/24 MP: 2/2
   305 | D:2      | Gained mutation: Your spells are a little harder to cast,
                  | but a little more powerful. [potion of mutation]
   305 | D:2      | Gained mutation: Your system is resistant to poisons.
                  | (rPois) [potion of mutation]
   305 | D:2      | Gained mutation: You have a beak for a mouth. [potion of
                  | mutation]
   310 | D:2      | Slain by a kobold

Illustrated notes

Levels and vault maps discovered:
D:2:      layout_basic
D:3:      layout_rooms, serial_corexii_hall, corexii_hall_statues_t,
          chequers_hall_statues_wall_a, minmay_vboxes
D:4:      layout_basic, minmay_temple_entry_stoned_glass,
          gammafunk_ghost_cemetery
D:5:      layout_loops_ring

Action                   || total
-------------------------++-------
Melee: Hand axe          ||    24
Throw: Stone             ||     2
Evoke: Wand              ||     1
  Use: Scroll            ||     1
       Potion            ||     3
 Stab: Sleeping          ||     1
Armor: Leather armour    ||     4
Dodge: Dodged            ||    21

Table legend: (Time is in decaauts)
 A = Elapsed time spent in this place.
 B = Non-inter-level travel time spent in this place.
 C = Inter-level travel time spent in this place.
 D = Time resting spent in this place.
 E = Time spent auto-exploring this place.
 F = Levels seen in this place.
 G = Mean time per level.
                   A        B        C        D        E       F      G
               +--------+--------+--------+--------+--------+-----+--------+
         Total |    313 |    313 |      0 |     61 |    123 |   4 |   78.2 |
       Dungeon |    313 |    313 |      0 |     61 |    123 |   4 |   78.2 |
               +--------+--------+--------+--------+--------+-----+--------+

Top non-repeatable levels by time:
     D:3: 152 daAuts
     D:2: 109 daAuts
     D:4: 29 daAuts
     D:5: 22 daAuts
